 Dungeon Crawl Stone Soup version 0.29-a0-284-gf9362112df (webtiles) character file.

Game seed: 4514420890783370061

1114 peepeepoopoo the Chopper (level 8, -3/63 (70) HPs)
             Began as a Minotaur Fighter on Mar 29, 2022.
             Was an Initiate of Ashenzari.
             Slain by a wight
             ... wielding a +4 war axe
              (6 damage)
             ... on level 6 of the Dungeon.
             The game lasted 00:19:37 (5790 turns).

peepeepoopoo the Chopper (Minotaur Fighter)         Turns: 5790, Time: 00:19:37

HP:   -3/63 (70)    AC: 18    Str: 19 (23) XL:     8   Next: 12%
MP:   7/7           EV:  6    Int:  3 (5)  God:    Ashenzari [......]
Gold: 247           SH:  4    Dex:  8 (10) Spells: 7/7 levels left

rFire   . . .      SeeInvis .   a - +0 war axe
rCold   . . .      Faith    .   c - +0 buckler
rNeg    . . .      Spirit   .   r - +0 plate armour
rPois   .          Reflect  .   (helmet restricted)
rElec   .          Harm     .   (no cloak)
rCorr   .          Rampage  .   (no gloves)
Will    .....                   x - +0 pair of boots
Stlth   ..........              (no amulet)
HPRegen 0.20/turn               e - +4 ring of protection
MPRegen 0.10/turn               (no ring)

@: brilliant, heavily drained
A: horns 2, retaliatory headbutt, claws 1
a: Renounce Religion, Curse Item


You were on level 6 of the Dungeon.
You worshipped Ashenzari.
Ashenzari was noncommittal.
You visited 2 branches of the dungeon, and saw 7 of its levels.

You collected 247 gold pieces.

Inventory:

Hand Weapons
 a - a +0 war axe (weapon)
 d - a +1 halberd of protection
 y - a +0 flail
 z - a +1 halberd of freezing
Missiles
 B - 2 throwing nets (quivered)
Armour
 b - a +0 scale mail
 c - a +0 buckler (worn)
 f - a +0 scale mail
 j - a +0 robe
 r - a +0 plate armour (worn)
 v - a +0 chain mail
 x - a +0 pair of boots (worn)
Magical Staves
 k - a staff of air
 s - a staff of fire
Jewellery
 e - a +4 ring of protection (left claw)
Scrolls
 h - 2 scrolls of acquirement {unknown}
 i - a scroll of summoning {unknown}
 l - 3 scrolls of identify {unknown}
 n - 2 scrolls of torment {unknown}
 o - 3 scrolls of blinking {unknown}
 t - a scroll of noise {unknown}
 u - 3 scrolls of amnesia {unknown}
 w - a scroll of enchant armour {unknown}
 A - 2 scrolls of fog {unknown}
Potions
 m - a potion of attraction
 q - a potion of degeneration


   Skills:
 + Level 5.7 Fighting
 + Level 7.8 Axes
 + Level 7.1 Armour
 + Level 1.2 Dodging
 + Level 0.2 Stealth
 + Level 5.2 Shields


You had 7 spell levels left.
You didn't know any spells.
Your spell library contained the following spells:

 Spells                   Type           Power      Damage    Failure   Level
 Pain                     Necr           0%         1d4       100%        1
 Frozen Ramparts          Ice            0%         1d2       100%        3
 Ice Form                 Ice/Tmut       0%         N/A       100%        4
 Summon Ice Beast         Ice/Summ       0%         N/A       100%        4
 Agony                    Necr           0%         N/A       100%        5
 Excruciating Wounds      Necr           0%         N/A       100%        5


Dungeon Overview and Level Annotations

Branches:
Dungeon (6/15)             Temple (1/1) D:4

Altars:
Ashenzari
Cheibriados
Dithmenos
Elyvilon
Fedhas
Gozag
Hepliaklqana
Kikubaaqudgha
Nemelex Xobeh
Okawaru
Qazlal
Ru
Sif Muna
Uskayaw
Xom
Yredelemnul
The Shining One

Shops:
D:5 =

Annotations:
D:6 Eustachio


Innate Abilities, Weirdness & Mutations

You have a pair of horns on your head.
You reflexively headbutt those who attack you in melee.
You have sharp fingernails.


Message History

Eustachio mumbles some strange words.
Found 16 gold pieces.
The wight attacks as you move away!
The wight hits you with a +0 short sword.
* * * LOW HITPOINT WARNING * * *
You feel drained.
A quokka comes into view.
You see here 16 gold pieces.
Unknown command.
It was a potion of degeneration.
There was something very wrong with that liquid.
You feel weakened.
You feel dopey.
You feel clumsy.
It was a potion of brilliance.
You feel clever all of a sudden. The wight hits you but does no damage.
The wight barely misses you.
It was a potion of curing.
You feel better. The quokka bites you.
* * * LOW HITPOINT WARNING * * *
The wight hits you but does no damage. The wight hits you with a +4 war axe!
* * * LOW HITPOINT WARNING * * *
You feel drained.
* * * LOW HITPOINT WARNING * * *
As you read the scroll labelled BAARRIJESA, it crumbles to dust.
You assume a fearsome visage.
The quokka looks frightened!
The wight is unaffected.
The bat looks frightened!
The wight is unaffected.
The quokka looks frightened!
The water moccasin looks frightened!
It was a scroll of fear.
You block the wight's attack. The wight hits you but does no damage.
You are too injured to fight recklessly!
You are too injured to fight recklessly!
You are too injured to fight recklessly!
You hit the wight but do no damage. You headbutt the wight!
The wight is almost destroyed.
You hit the wight but do no damage.
Cornered, the bat turns to fight!
The wight hits you but does no damage. The wight hits you with a +4 war axe.
* * * LOW HITPOINT WARNING * * *
You barely miss the wight. You headbutt the wight.
The wight is almost destroyed.
You hit the wight but do no damage. The wight hits you but does no damage.
The wight hits you with a +4 war axe.
You die...

#. ... #..
.... ... ...
# #.. ...
#.. #S# #.#
#.# #.# #.#
#..##.###.#
#.....bzzz#
#...#.###@#
...#.#)##.##
. #..z##≈
##.b##≈
#r@##r
#..##. ∩
##.##≈ #>##≈
.# #.#


You could see 3 wights, a quokka (fleeing) and a bat (summoned).

Vanquished Creatures
  Menkaure (D:4)
  An ice beast (D:5)
  2 black bears (D:5)
  An ogre (D:5)
  A phantom (D:4)
  2 necrophages (D:5)
  A wight (D:6)
  A jelly (D:5)
  A hound (D:6)
  2 iguanas (D:5)
  An orc wizard (D:5)
  9 gnolls
  10 adders
  A white imp (D:6)
  2 worms (D:3)
  A dart slug (D:2)
  6 orcs
  6 endoplasms
  2 giant cockroaches
  4 goblins
  A hobgoblin (D:1)
  A quokka (D:1)
  8 ball pythons
  2 bats
  4 frilled lizards
  4 kobolds
  4 rats
79 creatures vanquished.

Notes
Turn   | Place    | Note
-------+----------+-------------------------------------------
     0 | D:1      | peepeepoopoo the Minotaur Fighter began the quest for the
                  | Orb.
     0 | D:1      | Reached XP level 1. HP: 19/19 MP: 0/0
   592 | D:1      | Reached XP level 2. HP: 27/27 MP: 1/1
   865 | D:1      | Found a white marble altar of Elyvilon.
  1300 | D:2      | Reached XP level 3. HP: 33/33 MP: 2/2
  1665 | D:2      | Reached XP level 4. HP: 41/41 MP: 3/3
  1847 | D:2      | Found a faded altar of an unknown god.
  1862 | D:2      | Prayed at the altar of an unknown god.
  1862 | D:2      | Became a worshipper of Xom the Psychotic
  2176 | D:3      | XOM: silly message
  2339 | D:3      | XOM: 1-stop teleportation journey
  2906 | D:4      | XOM: silly message
  2953 | D:4      | XOM: divination: detect items
  3068 | D:4      | XOM: potion effect (brilliance)
  3079 | D:4      | Reached XP level 5. HP: 22/47 MP: 4/4
  3346 | D:4      | Noticed a phantom
  3348 | D:4      | XOM: summons 3 friendly demons
  3351 | D:4      | Found an opulent altar of Gozag.
  3351 | D:4      | Found an iron altar of Okawaru.
  3355 | D:4      | Found a staircase to the Ecumenical Temple.
  3355 | D:4      | Noticed Menkaure
  3355 | D:4      | XOM: 4-stop teleportation journey
  3362 | D:4      | Killed Menkaure
  3363 | D:4      | Reached skill level 5 in Axes
  3363 | D:4      | Reached skill level 5 in Armour
  3363 | D:4      | Reached XP level 6. HP: 24/53 MP: 5/5
  3779 | D:4      | XOM: summons 2 friendly demons
  3823 | D:4      | Found a broken altar of Ashenzari.
  3827 | D:4      | Fell from the grace of Xom
  3827 | D:4      | Became a worshipper of Ashenzari the Shackled
  3897 | Temple   | Entered the Ecumenical Temple
  4039 | D:5      | Entered Level 5 of the Dungeon
  4046 | D:5      | Found Peocwym's Jewellery Emporium.
  4064 | D:5      | Reached skill level 1 in Dodging
  4180 | D:5      | Reached XP level 7. HP: 47/60 MP: 6/6
  4273 | D:5      | Reached skill level 5 in Fighting
  4305 | D:5      | Reached skill level 5 in Shields
  4963 | D:5      | Reached XP level 8. HP: 5/69 MP: 7/7
  5317 | D:5      | Found a glowing golden altar of the Shining One.
  5336 | D:5      | XOM: give mutation
  5336 | D:5      | Gained mutation: You have sharp fingernails. [Xom's
                  | mischief]
  5349 | D:5      | XOM: summons 1 hostile shadow creature
  5678 | D:6      | XOM: stat loss: -1 Str (22/23)
  5732 | D:6      | Noticed Eustachio
  5789 | D:6      | HP: 3/63 [wight/+4 war axe (5)]
  5790 | D:6      | Slain by a wight

Illustrated notes

Levels and vault maps discovered:
D:1:      dpeg_arrival_water_altar, layout_loops_cross, kennysheep_small_spiral
D:2:      layout_basic, nicolae_ecumenical_snake_handling
D:3:      layout_basic, grunt_decor_mini_mirrors
D:4:      layout_cave_pools, minitemple, minmay_temple_entry_drinking_statues,
          uniq_menkaure
D:5:      layout_basic, mainiacjoe_overflow_boulevard, serial_shops,
          nicolae_shop_advertising_works [nicolae_subvault_shop_adworks],
          serial_curves, eino_curves_03, eino_curves_03, eino_curves_02
D:6:      layout_basic, gup_sewer_entry_spiral, uniq_eustachio
Temple:   dshaligram_water_room_temple

Skill      XL: |  1  2  3  4  5  6  7  8 |
---------------+-------------------------+-----
Fighting       | 4 5 |  5.7
Axes           | 3 4 5 7 |  7.8
Armour         | 4 5 6 7 |  7.1
Shields        | 4 5 |  5.2
Dodging        | 1 |  1.2
Stealth        | |  0.2

Action                   |  1- 3 |  4- 6 |  7- 9 || total
-------------------------+-------+-------+-------++-------
Melee: War axe           |    62 |   110 |    81 ||   253
       Headbutt          |     7 |    11 |    20 ||    38
  Use: Potion            |       |     2 |     3 ||     5
       Scroll            |       |       |     1 ||     1
Armor: Scale mail        |    31 |    20 |       ||    51
       Plate armour      |       |    24 |    70 ||    94
Dodge: Dodged            |    29 |    39 |    23 ||    91
Block: Buckler           |    11 |    35 |    17 ||    63

Table legend: (Time is in decaauts)
 A = Elapsed time spent in this place.
 B = Non-inter-level travel time spent in this place.
 C = Inter-level travel time spent in this place.
 D = Time resting spent in this place.
 E = Time spent auto-exploring this place.
 F = Levels seen in this place.
 G = Mean time per level.
                   A        B        C        D        E       F      G
               +--------+--------+--------+--------+--------+-----+--------+
         Total |   5866 |   5360 |    506 |      0 |   4577 |   7 |  838.0 |
       Dungeon |   5775 |   5289 |    486 |      0 |   4517 |   6 |  962.5 |
        Temple |     90 |     70 |     20 |      0 |     60 |   1 |   90.0 |
               +--------+--------+--------+--------+--------+-----+--------+

Top non-repeatable levels by time:
     D:5: 1647 daAuts
     D:4: 1061 daAuts
     D:2: 1057 daAuts
     D:1: 967 daAuts
     D:3: 920 daAuts
     D:6: 121 daAuts
  Temple: 90 daAuts
